 Dungeon Crawl Stone Soup version 0.29.1-15-g9cfb28693d (webtiles) character file.

Game seed: 4727477092651576859

47 iamoutofideas the Charlatan (level 3, -5/29 HPs)
             Began as a Hill Orc Artificer on Apr 28, 2023.
             Slain by a worm (7 damage)
             ... on level 3 of the Dungeon.
             The game lasted 00:01:25 (2768 turns).

iamoutofideas the Charlatan (Hill Orc Artificer)    Turns: 2768, Time: 00:01:26

Health: -5/29      AC:  6    Str: 16    XL:     3   Next: 70%
Magic:  3/3        EV:  7    Int: 11    God:
Gold:   100        SH:  0    Dex: 11    Spells: 2/2 levels left

rFire   . . .      SeeInvis .   q - +0 morningstar (pain)
rCold   . . .      Faith    .   (no shield)
rNeg    . . .      Spirit   .   h - +0 ring mail
rPois   .          Reflect  .   (no helmet)
rElec   .          Harm     .   v - +0 cloak
rCorr   +          Rampage  .   (no gloves)
Will    .....                   (no boots)
Stlth   +.........              (no amulet)
HPRegen 0.09/turn               f - ring of resist corrosion
MPRegen 0.08/turn               (no ring)

@: constricted
A: no striking features
a: no special abilities


You were on level 3 of the Dungeon.
You visited 1 branch of the dungeon, and saw 3 of its levels.

You collected 100 gold pieces.

Inventory:

Hand Weapons
 a - a +0 club
 q - a +0 morningstar of pain (weapon)
Armour
 b - a +0 leather armour
 h - a +0 ring mail (worn)
 v - a +0 cloak (worn)
Jewellery
 f - a ring of resist corrosion (left hand)
 i - a ring of fire
 p - an amulet of magic regeneration
 y - a ring of flight
Wands
 c - a wand of flame (15) (quivered)
 d - a wand of charming (15)
 e - a wand of iceblast (5)
Scrolls
 g - a scroll of teleportation {unknown}
 j - a scroll of enchant weapon {unknown}
 l - a scroll of identify {unknown}
 n - a scroll of immolation {unknown}
 s - a scroll of acquirement {unknown}
 t - a scroll of fog {unknown}
Potions
 k - a potion of attraction {unknown}
 m - a potion of degeneration {unknown}
 o - a potion of berserk rage {unknown}
 r - 2 potions of resistance {unknown}
 u - a potion of mutation {unknown}
 w - a potion of invisibility {unknown}
 x - 2 potions of cancellation {unknown}
 z - a potion of curing {unknown}


   Skills:
 + Level 2.1 Fighting
 + Level 2.7 Armour
 + Level 1.3 Dodging
 + Level 1.4 Stealth
 + Level 3.3 Evocations


You had 2 spell levels left.
You didn't know any spells.
Your spell library was empty.

Dungeon Overview and Level Annotations

Branches:
Dungeon (3/15)

Altars:
Elyvilon


Message History

A worm comes into view.
You see here 3 gold pieces.
A worm is nearby!
A ball python comes into view.
You see here a scroll labelled ZIUMEQ SEYZA.
There are monsters nearby!
Found 2 stones.
The ball python hisses angrily.
You sock the worm!
The worm is heavily wounded.
The worm bites you!
You barely miss the worm.
The worm is heavily wounded.
The worm bites you!
You are too injured to fight recklessly!
You are too injured to fight recklessly!
You are too injured to fight recklessly!
You are too injured to fight recklessly!
You are too injured to fight recklessly!
The ball python misses you. The ball python grabs you.
The ball python constricts you.
You see here a scroll labelled ZIUMEQ SEYZA.
You barely miss the worm.
The worm is moderately wounded.
The ball python bites you. The ball python constricts you.
The ball python barely misses you. The ball python constricts you.
The worm bites you.
* * * LOW HITPOINT WARNING * * *
You hit the worm.
The worm is severely wounded.
The ball python bites you but does no damage.
The ball python constricts you. The ball python closely misses you.
The ball python constricts you. The worm bites you.
* * * LOW HITPOINT WARNING * * *
You barely miss the worm.
The worm is heavily wounded.
The ball python bites you but does no damage.
The ball python constricts you. The ball python barely misses you.
The ball python constricts you. The worm bites you!
You die...

.........##..........
##.......#..####.....
#..≈≈.≈≈............. .
#...≈.≈....#####..... ..
#.≈.....≈.######.....
...##.≈≈...≈≈............
........._$......#.......
......≈≈...≈≈....#.#.....
......≈w@...≈..###.######
...##..S≈.≈...## #.#
#.....≈≈.≈≈..# #.#
####........## #.#
.........## ...
#...$##....# ... #....
####.# ... #.... ...
..... ..(.. ..


You could see a worm and a ball python.

Vanquished Creatures
  An adder (D:3)
  4 ball pythons
  4 bats
  4 endoplasms
  2 giant cockroaches
  A goblin (D:1)
  4 hobgoblins
  3 jackals (D:1)
  6 kobolds
  A quokka (D:2)
  2 rats
32 creatures vanquished.

Notes
Turn   | Place    | Note
-------+----------+-------------------------------------------
     0 | D:1      | iamoutofideas the Hill Orc Artificer began the quest for
                  | the Orb.
     0 | D:1      | Reached XP level 1. HP: 16/16 MP: 1/1
   174 | D:1      | Reached skill level 1 in Stealth
   299 | D:1      | Reached skill level 1 in Dodging
   299 | D:1      | Reached XP level 2. HP: 21/23 MP: 2/2
  1490 | D:1      | Reached XP level 3. HP: 28/29 MP: 3/3
  2752 | D:3      | Found a white marble altar of Elyvilon.
  2768 | D:3      | Slain by a worm

Illustrated notes

Levels and vault maps discovered:
D:1:      ncdulo_halloftheorcs, layout_loops_corners, minivault_5
D:2:      layout_basic
D:3:      layout_rooms, mainiacjoe_overflow_small_starburst,
          dreamdust_ecumenical_altar_hidden_monk_grotto

Skill      XL: |  1  2  3 |
---------------+----------+-----
Stealth        | 1 |  1.4
Dodging        | 1 |  1.3
Fighting       | 2 |  2.1
Armour         | |  2.7
Evocations     | |  3.3

Action                   || total
-------------------------++-------
Melee: Club              ||    81
       Morningstar       ||    30
Armor: Ring mail         ||    73
       Leather armour    ||     2
Dodge: Dodged            ||    84
